 Dungeon Crawl Stone Soup version 0.28-a0-1339-ga5422284a4 (webtiles) character file.

Game seed: 1539043087519584805

445 SnakkuSnakku7 the Ruffian (level 7, -4/57 HPs)
             Began as a Naga Transmuter on Dec 29, 2021.
             Was an Initiate of Cheibriados.
             Slain by an orc warrior (13 damage)
             ... on level 4 of the Dungeon.
             The game lasted 00:07:31 (5889 turns).

SnakkuSnakku7 the Ruffian (Naga Transmuter)         Turns: 5889, Time: 00:07:32

Health: -4/57      AC:  3    Str: 13    XL:     7   Next: 3%
Magic:  10/10      EV: 10    Int: 17    God:    Cheibriados [......]
Gold:   197        SH:  0    Dex: 12    Spells: 6/10 levels left

rFire   . . .      SeeInvis +     - Unarmed
rCold   . . .      Faith    .   (no shield)
rNeg    . . .      Spirit   .   a - +0 robe
rPois   +          Reflect  .   (helmet currently unavailable)
rElec   .          Harm     .   (no cloak)
rCorr   .          Rampage  .   (no gloves)
Will    .....                   (no barding)
Stlth   +.........              (no amulet)
HPRegen 0.19/turn               (no ring)
MPRegen 0.12/turn               (no ring)

@: appendages (expiring), very slow
A: horns 2, AC +2, large, see invisible, deformed body, poison resistance,
slowness 2, spit poison 1, naga tail 1
a: Spit Poison, End Transformation, Renounce Religion


You were on level 4 of the Dungeon.
You worshipped Cheibriados.
Cheibriados was noncommittal.
You had temporarily grown beastly horns.
You visited 2 branches of the dungeon, and saw 5 of its levels.

You collected 197 gold pieces.

Inventory:

Armour
 a - a +0 robe (worn)
 g - a +0 helmet (melded)
Jewellery
 l - a +6 ring of dexterity
Wands
 n - a wand of paralysis (6)
Scrolls
 f - a scroll of identify
 j - a scroll of fog
 m - a scroll of enchant weapon
Potions
 h - a potion of lignification {unknown}
 i - a potion of magic {unknown}
 k - 4 potions of curing
 o - a potion of heal wounds {unknown}


   Skills:
 - Level 1.0 Fighting
 - Level 1.5 Dodging
 + Level 6.5 Unarmed Combat
 - Level 2.0 Spellcasting
 + Level 3.5 Transmutations
 - Level 3.0 Poison Magic


You had 6 spell levels left.
You knew the following spells:

 Your Spells              Type           Power      Damage    Failure   Level
a - Beastly Appendage     Tmut           26%        N/A       4%          1
b - Spider Form           Tmut/Pois      12%        N/A       16%         3

Your spell library contained the following spells:

 Spells                   Type           Power      Damage    Failure   Level
 Wereblood                Tmut           13%        N/A       7%          2
 Ice Form                 Ice/Tmut       7%         N/A       67%         4


Dungeon Overview and Level Annotations

Branches:
Dungeon (4/15)             Temple (1/1) D:4

Altars:
Cheibriados
Hepliaklqana
Kikubaaqudgha
Wu Jian
Zin

Annotations:
D:3 dig, Ijyb
D:4 2 transporters, blank1's ghost, novice TrMo


Innate Abilities, Weirdness & Mutations

You have temporarily grown beastly horns.
Your serpentine skin is tough. (AC +2)
You have supernaturally acute eyesight. (SInv)
Armour fits poorly on your strangely shaped body.
Your system is resistant to poisons. (rPois)
You cover ground very slowly.
You can spit poison.
You have a snake-like lower body.


Message History

The orc priest looks satisfied for a moment.
You barely miss the orc priest.
The orc priest is heavily wounded.
The orc priest hits you with a +0 falchion.
You barely miss the orc priest. You headbutt the orc priest.
The orc priest is severely wounded.
The orc priest hits you with a +0 falchion.
* * * LOW HITPOINT WARNING * * *
The orc warrior shouts!
You hit the orc priest.
The orc priest is severely wounded.
The orc priest hits you with a +0 falchion!
* * * LOW HITPOINT WARNING * * *
You closely miss the orc priest. You headbutt the orc priest.
You kill the orc priest!
Cheibriados appreciates the change of pace.
Your transformation is almost over.
You have reached level 7!
As you read the scroll labelled XIYWEKKUPI, it crumbles to dust.
It is a scroll of brand weapon.
You aren't carrying any weapons that can be branded.
Blink to where?
Press: ? - help, Dir - move target
As you read the scroll labelled LANASE ZUJO, it crumbles to dust.
It was a scroll of blinking.
As you read the scroll labelled VUOCONIOWN, it crumbles to dust.
It is a scroll of identify.
m - a scroll of enchant weapon
As you read the scroll labelled UCUESO ADAC, it crumbles to dust.
The scroll dissolves into smoke.
It was a scroll of fog.
As you read the scroll labelled YRUEF ZYOMNUY, it crumbles to dust.
It is a scroll of amnesia.
Really abort (and waste the scroll)?
Okay, then.
As you read the scroll labelled VIKLUD JIHO, it crumbles to dust.
You hear a loud clanging noise!
It was a scroll of noise.
You hear a shout! x2
The orc warrior hits you with a +0 scimitar!
You die...

##...#.# #.......#
.....#.#######.#.#####
.....#.........#...#
####'#############.#
##...## #.# ##....(##
### #.# #...†...##
##§###.#
.........####§§§##.#
.....>..o')..§§o@#.#
......o..####§§§##.#
#....o.o## ##§##
##.....## ### ##...##
##o## #. #. #.


You could see an orc warrior.

Vanquished Creatures
  An ogre (D:3)
  2 orc priests
  Natasha (thrice) (D:3)
  Terence (D:2)
  2 orc wizards (D:3)
  Robin (D:1)
  3 adders
  An adder skeleton (D:4)
  3 worms
  2 dart slugs
  7 orcs
  6 ball pythons
  9 endoplasms
  A giant cockroach (D:1)
  20 goblins
  9 hobgoblins
  5 quokkas
  7 bats
  6 kobolds
  6 rats
95 creatures vanquished.

Notes
Turn   | Place    | Note
-------+----------+-------------------------------------------
     0 | D:1      | SnakkuSnakku7 the Naga Transmuter began the quest for the
                  | Orb.
     0 | D:1      | Reached XP level 1. HP: 18/18 MP: 3/3
   321 | D:1      | Reached XP level 2. HP: 22/25 MP: 3/5
  1159 | D:1      | Reached XP level 3. HP: 25/31 MP: 6/6
  1164 | D:1      | Learned a level 3 spell: Spider Form
  1732 | D:2      | Noticed Robin
  1744 | D:1      | Reached skill level 1 in Poison Magic
  2621 | D:2      | Noticed Terence
  2785 | D:1      | Reached skill level 4 in Unarmed Combat
  2785 | D:1      | Reached XP level 4. HP: 26/38 MP: 5/7
  3022 | D:1      | Killed Robin
  3370 | D:2      | Killed Terence
  3556 | D:2      | Reached XP level 5. HP: 43/44 MP: 6/8
  4330 | D:3      | Noticed Ijyb
  4394 | D:3      | Reached skill level 5 in Unarmed Combat
  4462 | D:3      | Reached XP level 6. HP: 21/51 MP: 9/9
  4673 | D:3      | Noticed Natasha
  4688 | D:3      | Killed Natasha
  4750 | D:3      | Found a glowing silver altar of Zin.
  4779 | D:3      | Noticed Natasha
  4789 | D:3      | Killed Natasha
  4790 | D:3      | Reached skill level 6 in Unarmed Combat
  4866 | D:3      | Found a faded altar of an unknown god.
  4991 | D:3      | Noticed Natasha
  4999 | D:3      | Killed Natasha
  5329 | D:4      | Found a staircase to the Ecumenical Temple.
  5408 | Temple   | Entered the Ecumenical Temple
  5426 | Temple   | Became a worshipper of Cheibriados the Contemplative
  5489 | D:4      | Found a transporter.
  5541 | D:4      | Found a transporter.
  5554 | D:4      | Noticed blank1's ghost (novice TrMo)
  5804 | D:4      | Noticed an orc warrior
  5884 | D:4      | Reached XP level 7. HP: 8/57 MP: 10/10
  5889 | D:4      | Slain by an orc warrior

Illustrated notes

Levels and vault maps discovered:
D:1:      dpeg_arrival_stone_temple_mockup, layout_basic, grunt_decor_arrowhead
D:2:      layout_loops_ring, st_stairs_5, kennysheep_crisscross,
          wad_floor_pattern_untrapped, corexii_item_surrounded_by_moat,
          minmay_diced_spiral, uniq_terence, uniq_robin
D:3:      layout_rooms, zin_treasury, dreamdust_ecumenical_altar_statues,
          serial_aquarium, aquarium_bridge_square [aquarium_subvault_bridge,
          aquarium_subvault_wall, aquarium_subvault_window,
          aquarium_subvault_balcony], aquarium_window_3, aquarium_window_fake,
          aquarium_window_fake, aquarium_window_fake, aquarium_view_2a,
          aquarium_pool_2, uniq_ijyb, uniq_natasha
D:4:      layout_loops_corners, minmay_temple_entry_waves,
          gammafunk_ghost_stat_death, serial_bayou_pond_e
Temple:   oiseaux_autumnal_temple

Skill      XL: |  1  2  3  4  5  6 |
---------------+-------------------+-----
Poison Magic   | 1 3 |  3.0
Unarmed Combat | 4 5 6 |  6.5
Transmutations | 3 |  3.5
Fighting       | |  1.0
Dodging        | |  1.5
Spellcasting   | |  2.0

Action                   |  1- 3 |  4- 6 |  7- 9 || total
-------------------------+-------+-------+-------++-------
Melee: Unarmed           |   126 |   170 |       ||   296
       Headbutt          |    10 |    15 |       ||    25
       Punch             |     3 |     4 |       ||     7
 Cast: Beastly Appendage |    10 |    15 |       ||    25
       Spider Form       |       |     2 |       ||     2
 Abil: Spit Poison       |     9 |    13 |       ||    22
  Use: Scroll            |       |       |     6 ||     6
 Stab: Sleeping          |       |     2 |       ||     2
Armor: Robe              |    37 |    32 |       ||    69
       Skin              |       |     1 |       ||     1
Dodge: Dodged            |    70 |    73 |       ||   143

Table legend: (Time is in decaauts)
 A = Elapsed time spent in this place.
 B = Non-inter-level travel time spent in this place.
 C = Inter-level travel time spent in this place.
 D = Time resting spent in this place.
 E = Time spent auto-exploring this place.
 F = Levels seen in this place.
 G = Mean time per level.
                   A        B        C        D        E       F      G
               +--------+--------+--------+--------+--------+-----+--------+
         Total |   6997 |   6633 |    364 |   2252 |   3382 |   5 | 1399.4 |
       Dungeon |   6944 |   6606 |    338 |   2252 |   3382 |   4 | 1736.0 |
        Temple |     52 |     26 |     26 |      0 |      0 |   1 |   52.0 |
               +--------+--------+--------+--------+--------+-----+--------+

Top non-repeatable levels by time:
     D:1: 2932 daAuts
     D:2: 1638 daAuts
     D:3: 1543 daAuts
     D:4: 831 daAuts
  Temple: 52 daAuts
